Map: King Sejong Station LE

Players

Nerchio - Winner!

  • Race: Zerg Zerg

Solar

  • Race: Zerg Zerg

Event: 2016 WCS Global Finals

VOD

Have the link to the VOD?

Description

Time

  • Played on: Oct. 28, 2016, 4:40 p.m.
  • Length: 8:34

All games in this series

Show
View Real Time Build Order
Export as new Build Order

Nerchio Zerg - Winner!

Build Orders: Hatch First 

Get SALT Encoding   

  12  0:00  Drone  
  13  0:12  Overlord  
  13  0:17  Drone  
  14  0:30  Drone x2  
  14  0:34  Drone  
  17  0:52  Hatchery  
  17  0:56  Drone  
  17  0:59  Drone  
  18  1:06  Extractor  
  17  1:15  Spawning Pool  
  17  1:18  Drone  
  17  1:21  Drone  
  18  1:28  Drone  
  19  1:38  Overlord  
  19  1:49  Drone  
  20  2:01  Zergling x2, Queen  
  20  2:04  Queen  
  20  2:05  Metabolic Boost  
  25  2:08  Drone  
  25  2:13  Drone  
  27  2:15  Drone  
  27  2:21  Drone  
  29  2:26  Drone  
  30  2:32  Drone  
  30  2:34  Baneling Nest  
  30  2:36  Zergling x2  
  31  2:44  Drone  
  32  2:52  Hatchery  
  32  2:54  Drone  
  32  2:59  Overlord  
  32  3:02  Drone  
  32  3:05  Drone  
  34  3:17  Zergling x10  
  34  3:18  Zergling x2  
  40  3:20  Zergling x2  
  40  3:26  Drone x2  
  43  3:36  Baneling  
  43  3:37  Baneling x2, Overlord  
  43  3:41  Overlord  
  43  3:50  Drone  
  44  3:56  Drone x3  
  44  3:59  Drone x3  
  49  4:08  Zergling x6  
  47  4:11  Zergling x4  
  47  4:14  Extractor, Roach Warren  
  47  4:15  Drone x4  
  47  4:16  Drone  
  51  4:19  Zergling x2  
  52  4:25  Drone  
  52  4:26  Drone  
  52  4:28  Lair  
  52  4:29  Baneling x2  
  52  4:30  Drone  
  53  4:36  Zergling x2  
  53  4:37  Zergling x2  
  55  4:39  Baneling x2  
  55  4:40  Drone  
  55  4:41  Queen  
  55  4:45  Overlord  
  58  4:52  Overlord  
  58  4:55  Drone x2  
  58  4:57  Drone x3  
  63  5:00  Overlord  
  63  5:01  Extractor  
  63  5:04  Roach x2  
  63  5:06  Roach  
  68  5:08  Roach  
  68  5:10  Roach  
  72  5:15  Roach x2  
  72  5:18  Drone  
  76  5:23  Drone x2  
  76  5:28  Drone x3  
  78  5:30  Drone x2, Glial Reconstitution  
  78  5:31  Drone x2  
  78  5:32  Drone  
  80  5:35  Drone  
  80  5:41  Overlord  
  80  5:42  Drone  
  82  5:46  Extractor, Spire  
  82  5:48  Extractor  
  82  5:49  Zergling x8  
  83  5:50  Zergling x2  
  83  5:54  Extractor  
  83  5:56  Drone  
  84  5:58  Overlord  
  84  6:00  Evolution Chamber  
  84  6:02  Drone  
  84  6:06  Drone  
  84  6:08  Drone x3  
  88  6:12  Unknown  
  88  6:13  Drone x2  
  88  6:15  Drone  
  88  6:16  Drone  
  88  6:17  Drone  
  93  6:18  Drone  
  93  6:20  Drone  
  93  6:23  Overlord  
  93  6:24  Hatchery  
  94  6:26  Roach  
  94  6:32  Zerg Missile Weapons Level 1  
  96  6:33  Overlord  
  96  6:39  Roach x4  
  104  6:46  Roach  
  104  6:47  Roach x4  
  110  6:58  Mutalisk x5  
  110  6:59  Mutalisk  
  120  7:03  Roach  
  120  7:05  Overlord x2  
  120  7:07  Overlord  
  122  7:11  Overlord  
  122  7:14  Overlord  
  122  7:26  Roach x5  
  122  7:27  Roach x3  
  138  7:32  Roach x2  
  138  7:34  Roach  
  138  7:35  Roach  
  150  7:37  Roach x2  
  150  7:40  Roach x3  
  150  7:41  Roach  
  150  7:43  Roach  
  150  7:44  Roach  
  160  7:45  Roach  
  160  7:47  Overlord  
  160  7:49  Roach  
  164  7:52  Ravager x3  
  164  7:53  Ravager  
  164  7:54  Overlord  
  164  7:58  Overlord x2  
  168  8:03  Overlord x2  
  168  8:07  Roach x2  
  168  8:08  Roach x2  
  176  8:13  Roach  
Show
View Real Time Build Order
Export as new Build Order

Solar Zerg 

Build Orders: Hatch First 

Get SALT Encoding   

  12  0:00  Drone  
  13  0:12  Overlord  
  13  0:16  Drone  
  14  0:30  Drone  
  14  0:31  Drone  
  14  0:35  Drone  
  17  0:52  Hatchery  
  17  0:54  Drone  
  17  0:58  Drone  
  17  1:03  Extractor  
  17  1:13  Spawning Pool  
  17  1:16  Drone  
  17  1:19  Drone  
  18  1:28  Drone  
  19  1:38  Overlord  
  19  1:50  Drone  
  20  1:59  Queen  
  20  2:00  Zergling x2  
  23  2:03  Queen  
  23  2:04  Drone  
  23  2:06  Metabolic Boost  
  26  2:11  Drone  
  26  2:15  Drone  
  28  2:22  Drone  
  29  2:26  Baneling Nest, Drone  
  29  2:32  Drone  
  30  2:45  Hatchery  
  30  2:49  Zergling x2  
  30  2:51  Drone  
  31  2:55  Overlord  
  31  2:58  Drone  
  32  3:02  Drone  
  33  3:09  Drone x2  
  33  3:10  Drone  
  36  3:14  Drone, Zergling x2  
  36  3:15  Drone  
  36  3:18  Drone  
  40  3:20  Drone  
  40  3:24  Overlord  
  41  3:27  Drone  
  43  3:34  Drone  
  43  3:35  Baneling x2  
  43  3:37  Zergling x2  
  43  3:43  Zergling x6  
  43  3:44  Queen  
  43  3:46  Baneling x2  
  43  3:47  Zergling x2  
  49  3:50  Zergling x2  
  50  3:58  Zergling x2  
  50  3:59  Zergling x2  
  50  4:00  Zergling x2  
  40  4:10  Drone x3  
  40  4:11  Drone x3  
  40  4:14  Drone  
  40  4:15  Drone x2  
  49  4:19  Drone  
  49  4:20  Drone  
  49  4:22  Drone  
  52  4:31  Drone x2, Lair  
  52  4:34  Evolution Chamber  
  52  4:38  Roach Warren  
  52  4:40  Drone, Extractor  
  52  4:43  Overlord  
  53  4:45  Zergling x2  
  53  4:46  Drone  
  53  4:51  Drone x3  
  57  4:54  Overlord  
  57  4:58  Overlord  
  57  4:59  Extractor  
  56  5:00  Drone  
  56  5:02  Drone  
  56  5:03  Drone  
  56  5:05  Drone  
  60  5:08  Drone  
  60  5:11  Drone x3  
  60  5:12  Drone  
  65  5:18  Drone x2  
  66  5:25  Drone x2  
  66  5:26  Drone  
  67  5:29  Drone x4  
  70  5:36  Roach x3  
  70  5:39  Roach, Baneling x2  
  70  5:42  Extractor, Overseer  
  77  5:45  Roach  
  77  5:46  Overlord  
  79  5:51  Roach  
  79  5:53  Spine Crawler  
  79  5:54  Overlord  
  79  5:55  Roach  
  82  5:58  Overlord  
  82  6:02  Overlord  
  82  6:04  Overlord  
  82  6:10  Roach x3  
  89  6:13  Overlord  
  89  6:14  Roach x3  
  89  6:15  Spine Crawler  
  94  6:20  Zerg Missile Weapons Level 1, Glial Reconstitution  
  95  6:25  Drone  
  95  6:26  Drone x6  
  95  6:27  Drone  
  95  6:29  Extractor  
  102  6:38  Overlord  
  102  6:39  Drone x2  
  97  6:47  Drone x5  
  97  6:50  Drone x3  
  97  6:51  Drone  
  97  6:53  Drone x2  
  104  6:54  Hydralisk Den  
  104  7:01  Extractor  
  101  7:02  Drone x2  
  101  7:06  Drone  
  104  7:11  Roach  
  104  7:12  Roach x3  
  104  7:14  Hatchery  
  111  7:16  Roach x2  
  111  7:18  Overlord  
  111  7:21  Roach x2  
  111  7:22  Roach  
  121  7:30  Hydralisk x2  
  121  7:34  Spore Crawler  
  121  7:36  Spore Crawler  
  120  7:37  Spore Crawler  
  120  7:40  Hydralisk x2  
  118  7:47  Hydralisk x2  
  118  7:48  Overlord  
  118  7:49  Overlord x2  
  118  7:50  Overlord  
  122  7:52  Spore Crawler, Overlord  
  122  7:55  Overlord  
  122  7:57  Overlord  
  121  7:59  Overlord  
  121  8:06  Overlord  
  121  8:07  Hydralisk x3  
Tags
 
Add a new tag
Caveats
  • Supply blocks, unpowered buildings, or Contaminate may cause inaccurate times.
  • Supply counts are checked every 10 seconds.